 Dungeon Sprint DCSS version 0.26-a0-663-g36e8fdb655 (webtiles) character file.

Game seed: 16998763120155255649

16900 sahdkjhfkaj the Imperceptible (level 12, -1/75 (76) HPs)
             Began as a Spriggan Enchanter on Oct 11, 2020.
             Was the Champion of Dithmenos.
             Slain by a rust devil (10 damage)
             ... summoned by an obsidian statue
             ... in the Dungeon (Sprint III: "The Ten Rune Challenge").
             The game lasted 00:06:01 (2121 turns).

sahdkjhfkaj the Imperceptible (Spriggan Enchanter)  Turns: 2121, Time: 00:06:01

HP:   -1/75 (76)    AC: -14   Str:  4    XL:     12   Next: 14%
MP:   32/32         EV: 19    Int: 16    God:    Dithmenos [******]
Gold: 18            SH:  0    Dex: 22    Spells: 33/41 levels left

rFire    . . .     SeeInvis +   a - +1 dagger
rCold    . . .     Faith    .   (shield restricted)
rNeg     . . .     Spirit   .   b - +0 robe
rPois    .         Reflect  .   (helmet restricted)
rElec    .         Harm     .   (no cloak)
rCorr    .         Rampage  .   (gloves unavailable)
MR       ++...     NoTele   +   (boots unavailable)
Stlth    ..........             (no amulet)
HPRegen  0.22/turn              (no ring)
MPRegen  0.23/turn              (no ring)

@: berserking (expiring), weakened, corroded, wreathed by umbra, very quick
A: very small, unfitting armour, see invisible, speed 3
a: Shadow Step, Shadow Form, Renounce Religion


You were in the Dungeon.
You worshipped Dithmenos.
Dithmenos was exalted by your worship.
You visited 1 branch You collected 18 gold pieces.

Inventory:

Hand Weapons
 a - a +1 dagger (weapon)
Armour
 b - a +0 robe (worn)
Wands
 r - a wand of enslavement (9)
Scrolls
 c - a scroll of fog {unknown}
 i - a scroll of blinking
 j - 2 scrolls of identify {unknown}
 m - 2 scrolls of holy word {unknown}
 n - 3 scrolls of remove curse
 p - a scroll of enchant weapon {unknown}
Potions
 d - a potion of curing
 e - 2 potions of heal wounds
 f - a potion of haste
 g - 2 potions of magic
 h - a potion of berserk rage
 k - a potion of lignification {unknown}
 l - 3 potions of mutation {unknown}
 o - a potion of flight {unknown}
 q - 2 potions of brilliance {unknown}
 s - a potion of might


   Skills:
 + Level 14.0 Short Blades
 - Level 3.0 Dodging
 + Level 24.1 Stealth
 + Level 15.2 Spellcasting
 * Level 20.4 Hexes


You had 33 spell levels left.
You knew the following spells:

 Your Spells              Type           Power        Failure   Level
a - Corona                Hex            ######.      0%          1
b - Ensorcelled Hibernat  Hex/Ice        #####.       1%          2
c - Confusing Touch       Hex            ######..     0%          3
B - Blink                 Tloc           N/A          9%          2

Your spell library contained the following spells:

 Spells                   Type           Power        Failure   Level
 Slow                     Hex            ######..     0%          2
 Tukima's Dance           Hex            ######..     0%          3
 Dazzling Flash           Conj/Hex       #####.       1%          3
 Metabolic Englaciation   Hex/Ice        #####.....   2%          5
 Yara's Violent Unravell  Hex/Tmut       #####.....   2%          5
 Magic Dart               Conj           ##..         5%          1
 Call Imp                 Summ           ##......     9%          2
 Conjure Flame            Conj/Fire      ##......     16%         3
 Gell's Gravitas          Tloc           ##........   16%         3
 Mephitic Cloud           Conj/Pois/Air  ##......     16%         3
 Petrify                  Tmut/Erth      ##......     47%         4


Dungeon Overview and Level Annotations

Branches:
Dungeon (1/1)

Altars:
Cheibriados
Dithmenos
Elyvilon
Fedhas
Gozag
Hepliaklqana
Kikubaaqudgha
Makhleb
Nemelex Xobeh
Okawaru
Qazlal
Ru
Sif Muna
Trog
Uskayaw
Vehumet
Wu Jian
Xom
Yredelemnul
Zin
The Shining One
Beogh
Jiyva
Lugonu

Annotations:
D exclusion: obsidian statue


Innate Abilities, Weirdness & Mutations

You are very small and have problems with some larger weapons.
You are too small for most types of armour.
You have supernaturally acute eyesight. (SInv)
You cover ground extremely quickly.


Message History

You hit the obsidian statue but do no damage.
The obsidian statue is moderately damaged.
You hit the obsidian statue but do no damage.
The obsidian statue is moderately damaged.
The crimson imp misses you. The crimson imp barely misses you.
The smoke demon hits you!
* * * LOW HITPOINT WARNING * * *
The smoke demon hits you.
* * * LOW HITPOINT WARNING * * *
The smoke demon completely misses you.
You hit the obsidian statue but do no damage.
The obsidian statue is moderately damaged.
Your shadow hits the obsidian statue but does no damage.
The orange demon stings you!
* * * LOW HITPOINT WARNING * * *
The orange demon hits you.
* * * LOW HITPOINT WARNING * * *
You feel as though you will be weak longer.
The rust devil hits you!
You die...

.# #.....#
..# ≈ ##
#'#####...#
#....[+...+
#.#########
#.# #.# #.#
## #.#
###8# #.#
###4@4#
#.#+#§§355#
#.#§§§§§§.#
#§#§§§§§.§#
#.§§§§§...#
#########.#
.. .§


You could see an obsidian statue, an orange demon (summoned), a rust devil
(summoned), a smoke demon (summoned) and 2 crimson imps.

Vanquished Creatures
  Rupert (D)
  Dowan (D)
  2 hydras (D)
  Erolcha (D)
  4 death yaks (D)
  Urug (D)
  A death drake (D)
  A deep elf mage (D)
  A lindwurm (D)
  2 black mambas (D)
  2 cane toads (D)
  Duvessa (D)
  A rime drake (D)
  A komodo dragon (D)
  2 tyrant leeches (D)
  8 blink frogs (D)
  5 redbacks (D)
  A shadow (D)
  A swamp drake (D)
  A necrophage (D)
  5 two-headed ogres (D)
  A water elemental (D)
  A scorpion (D)
  An electric eel (D)
  A jelly (D)
  An orc priest (D)
  A wizard (D)
  Jessica (D)
  A necromancer (D)
  3 humans (D)
  A kobold demonologist (D)
  3 wandering mushrooms (D)
  2 oozes (D)
  A rat (D)
61 creatures vanquished.

Vanquished Creatures (others)
  2 orc priests (D)
  7 plants (D)
9 creatures vanquished.

Grand Total: 70 creatures vanquished

Notes
Turn   | Place    | Note
-------+----------+-------------------------------------------
     0 | D        | sahdkjhfkaj the Spriggan Enchanter began the quest for the
                  | Orb.
     0 | D        | Reached XP level 1. HP: 9/9 MP: 5/5
     9 | D        | Reached skill level 6 in Stealth
    11 | D        | Reached skill level 7 in Stealth
    11 | D        | Reached XP level 2. HP: 13/13 MP: 6/6
    15 | D        | Learned a level 2 spell: Ensorcelled Hibernation
    42 | D        | Noticed Jessica
    46 | D        | Killed Jessica
    46 | D        | Reached skill level 10 in Stealth
    46 | D        | Reached XP level 3. HP: 16/16 MP: 8/8
    54 | D        | Noticed a scorpion
   436 | D        | Killed a scorpion
   436 | D        | Reached skill level 13 in Stealth
   436 | D        | Reached XP level 4. HP: 21/21 MP: 6/9
   465 | D        | Noticed a water elemental
   468 | D        | Killed a water elemental
   468 | D        | Reached skill level 15 in Stealth
   468 | D        | Reached XP level 5. HP: 24/24 MP: 10/10
   477 | D        | Found a basalt altar of Yredelemnul.
   477 | D        | Found a shadowy altar of Dithmenos.
   477 | D        | Found a sacrificial altar of Ru.
   477 | D        | Noticed a necrophage
   479 | D        | Reached skill level 16 in Stealth
   547 | D        | Learned a level 3 spell: Confusing Touch
   573 | D        | Killed a necrophage
   573 | D        | Reached skill level 17 in Stealth
   573 | D        | Reached XP level 6. HP: 21/27 MP: 7/11
   789 | D        | Became a worshipper of Dithmenos the Shadowed
   799 | D        | Found a glowing silver altar of Zin.
   800 | D        | Found a glowing golden altar of the Shining One.
   800 | D        | Found a white marble altar of Elyvilon.
   800 | D        | Noticed a deep elf mage
   802 | D        | Killed a deep elf mage
   802 | D        | Reached skill level 5 in Short Blades
   802 | D        | Reached skill level 18 in Stealth
   802 | D        | Reached XP level 7. HP: 31/31 MP: 11/17
   851 | D        | Found a radiant altar of Vehumet.
   852 | D        | Found a shimmering blue altar of Sif Muna.
   852 | D        | Found an ancient bone altar of Kikubaaqudgha.
   855 | D        | Reached * piety under Dithmenos
   868 | D        | Learned a level 2 spell: Blink
   870 | D        | Found a hide-covered altar of Uskayaw.
   870 | D        | Found a roughly hewn altar of Beogh.
   870 | D        | Found an iron altar of Okawaru.
   870 | D        | Found a bloodstained altar of Trog.
   870 | D        | Found an ornate altar of the Wu Jian Council.
   870 | D        | Noticed a human
   870 | D        | Noticed a human
   873 | D        | Killed a human
   873 | D        | Reached skill level 19 in Stealth
   874 | D        | Killed a human
   874 | D        | Reached skill level 10 in Hexes
   874 | D        | Reached XP level 8. HP: 35/35 MP: 17/19
   895 | D        | Reached ** piety under Dithmenos
   971 | D        | Found a blossoming altar of Fedhas.
   971 | D        | Found a stormy altar of Qazlal.
   971 | D        | Found a snail-covered altar of Cheibriados.
   971 | D        | Found a burning altar of Makhleb.
   971 | D        | Found a shimmering altar of Xom.
   972 | D        | Found a hazy altar of Hepliaklqana.
   972 | D        | Found an opulent altar of Gozag.
   972 | D        | Found a sparkling altar of Nemelex Xobeh.
   972 | D        | Found a corrupted altar of Lugonu.
   972 | D        | Found a viscous altar of Jiyva.
  1091 | D        | Reached *** piety under Dithmenos
  1104 | D        | Noticed a two-headed ogre
  1107 | D        | Killed a two-headed ogre
  1111 | D        | Noticed a two-headed ogre
  1111 | D        | Noticed Erolcha
  1113 | D        | Killed Erolcha
  1113 | D        | Reached skill level 20 in Stealth
  1113 | D        | Reached XP level 9. HP: 38/38 MP: 21/23
  1114 | D        | Killed a two-headed ogre
  1114 | D        | Reached skill level 10 in Spellcasting
  1138 | D        | Reached **** piety under Dithmenos
  1147 | D        | Noticed Dowan
  1147 | D        | Noticed Duvessa
  1151 | D        | Noticed a wandering mushroom
  1155 | D        | Noticed a wandering mushroom
  1157 | D        | Noticed a wandering mushroom
  1584 | D        | Noticed a cane toad
  1584 | D        | Noticed a komodo dragon
  1584 | D        | Noticed a cane toad
  1588 | D        | Killed a komodo dragon
  1588 | D        | Reached ***** piety under Dithmenos
  1588 | D        | Reached skill level 21 in Stealth
  1590 | D        | Killed a cane toad
  1590 | D        | Reached skill level 10 in Short Blades
  1590 | D        | Reached XP level 10. HP: 43/43 MP: 24/26
  1591 | D        | Killed a cane toad
  1591 | D        | Reached skill level 15 in Hexes
  1618 | D        | Noticed a lindwurm
  1621 | D        | Killed a lindwurm
  1629 | D        | Noticed Urug
  1631 | D        | Killed Urug
  1631 | D        | Reached ****** piety under Dithmenos
  1639 | D        | Noticed a six-headed hydra
  1639 | D        | Noticed a five-headed hydra
  1647 | D        | Killed a six-headed hydra
  1647 | D        | Reached skill level 22 in Stealth
  1648 | D        | Killed a five-headed hydra
  1655 | D        | Noticed a death drake
  1658 | D        | Killed a death drake
  1658 | D        | Reached XP level 11. HP: 46/46 MP: 27/29
  1757 | D        | Noticed Rupert
  1761 | D        | Killed Rupert
  1761 | D        | Reached skill level 23 in Stealth
  1771 | D        | Noticed a death yak
  1772 | D        | Noticed a death yak
  1778 | D        | Killed a death yak
  1779 | D        | Noticed an azure jelly
  1779 | D        | Noticed a death yak
  1779 | D        | Noticed an azure jelly
  1779 | D        | Noticed a death yak
  1781 | D        | Killed a death yak
  1782 | D        | Killed a death yak
  1784 | D        | Killed a death yak
  1798 | D        | Noticed a kraken
  1865 | D        | Killed Duvessa
  1865 | D        | Reached XP level 12. HP: 50/50 MP: 31/31
  1868 | D        | Killed Dowan
  1868 | D        | Reached skill level 24 in Stealth
  1868 | D        | Reached skill level 15 in Spellcasting
  2121 | D        | Slain by a rust devil

Illustrated notes

Levels and vault maps discovered:
D:        dungeon_sprint_mu [sprint_mu_entry_cave, sprint_mu_temple_rooms,
          sprint_mu_d1_spiders, sprint_mu_d2_genie, sprint_mu_d3_branching,
          sprint_mu_orc_legion, sprint_mu_elf_gauntlet, sprint_mu_hive_nellie,
          sprint_mu_lair_fedhas, sprint_mu_vaults_butterflies,
          sprint_mu_slime_circle, sprint_mu_shoals_kraken,
          sprint_mu_snake_twists, sprint_mu_blade_basic, sprint_mu_crypt_lich,
          sprint_mu_tomb_spiral, sprint_mu_vestibule_basic,
          sprint_mu_gehenna_hellfire, sprint_mu_dis_giant,
          sprint_mu_tartarus_statrot, sprint_mu_cocytus_islands, sprint_mu_zot1]

Skill      XL: |  1  2  3  4  5  6  7  8  9 10 11 12 |
---------------+-------------------------------------+-----
Stealth        | 7 10 13 15 17 18 19 20 21 22 23 24 | 24.1
Spellcasting   | 3 6 7 9 11 13 14 15 | 15.2
Hexes          | 4 8 10 13 14 17 20 | 20.4
Short Blades   | 5 6 8 10 11 13 14 | 14.0
Dodging        | |  3.0

Action                   |  1- 3 |  4- 6 |  7- 9 | 10-12 || total
-------------------------+-------+-------+-------+-------++-------
Melee: Dagger            |     5 |     8 |    29 |    61 ||   103
 Cast: Ensorcelled Hiber |     3 |       |     2 |     6 ||    11
       Confusing Touch   |       |     1 |     3 |       ||     4
  Use: Potion            |       |       |       |     1 ||     1
 Stab: Sleeping          |     4 |     4 |    16 |    32 ||    56
       Confused          |       |     1 |     1 |       ||     2
Dodge: Dodged            |     1 |     1 |    10 |    32 ||    44

Table legend: (Time is in decaauts)
 A = Elapsed time spent in this place.
 B = Non-inter-level travel time spent in this place.
 C = Inter-level travel time spent in this place.
 D = Time resting spent in this place.
 E = Time spent auto-exploring this place.
 F = Levels seen in this place.
 G = Mean time per level.
                   A        B        C        D        E       F      G
               +--------+--------+--------+--------+--------+-----+--------+
         Total |   1880 |   1880 |      0 |   1386 |     24 |   1 | 1880.0 |
       Dungeon |   1880 |   1880 |      0 |   1386 |     24 |   1 | 1880.0 |
               +--------+--------+--------+--------+--------+-----+--------+

Top non-repeatable levels by time:
       D: 1880 daAuts
